Map: 하드와이어 - 래더

Players

Dream

  • Race: Terran Terran
  • League: Master

DPGRogue (Rogue) - Winner!

  • Race: Zerg Zerg

Event: DreamHack SC2 Masters Last Chance 2022

VOD

Have the link to the VOD?

Description

Time

  • Played on: Dec. 15, 2021, 5:20 a.m.
  • Length: 4:07

All games in this series

Show
View Real Time Build Order
Export as new Build Order

Dream Terran 

Build Orders:  

Get SALT Encoding   

  12  0:00  SCV  
  13  0:12  SCV  
  14  0:17  Supply Depot  
  14  0:24  SCV  
  15  0:40  Barracks  
  15  0:50  Barracks  
  15  1:04  Barracks  
  15  1:09  SCV  
  16  1:21  SCV  
  17  1:27  Marine  
  18  1:35  Orbital Command  
  18  1:38  Marine  
  19  1:44  Bunker  
  19  1:46  Marine  
  20  1:51  Marine  
  21  1:56  Marine  
  22  2:05  Supply Depot  
  22  2:07  Bunker  
  22  2:08  Marine  
  23  2:20  Marine x2  
  22  2:23  SCV  
  22  2:26  Marine  
  24  2:31  Bunker  
  24  2:35  SCV  
  25  2:38  Marine  
  25  2:42  Marine  
  27  2:44  Marine  
  27  2:47  Supply Depot, SCV  
  29  2:56  Marine  
  30  2:59  SCV  
  31  3:08  Marine x2  
  33  3:17  SCV  
  33  3:19  Marine  
  31  3:26  Marine  
  30  3:30  SCV  
  32  3:38  Marine  
  33  3:44  SCV, Marine  
Show
View Real Time Build Order
Export as new Build Order

DPGRogue Zerg - Winner!

Build Orders: Pool First 

Get SALT Encoding   

  12  0:00  Drone  
  13  0:12  Overlord  
  13  0:16  Drone  
  14  0:30  Drone x2  
  14  0:34  Drone  
  17  0:45  Drone, Extractor  
  17  0:49  Spawning Pool  
  16  0:55  Drone  
  17  1:06  Drone  
  18  1:17  Hatchery  
  17  1:36  Zergling x4  
  17  1:39  Zergling x2  
  20  1:40  Spine Crawler  
  20  1:44  Metabolic Boost  
  19  1:52  Zergling x2  
  20  2:01  Zergling x2  
  21  2:12  Zergling x2  
  20  2:25  Queen  
  21  2:34  Zergling x2  
  22  2:45  Queen  
  22  2:49  Zergling x2  
  25  2:55  Overlord  
  25  3:04  Zergling x4  
  27  3:16  Zergling x8  
  27  3:17  Zergling x2  
  29  3:25  Zergling x2  
  29  3:30  Zergling x4  
  31  3:36  Overlord  
  31  3:40  Zergling x2  
  31  3:41  Zergling x2  
  31  3:46  Zergling x2  

Tags
 
Add a new tag
Caveats
  • Supply blocks, unpowered buildings, or Contaminate may cause inaccurate times.
  • Supply counts are checked every 10 seconds.